 Dungeon Crawl Stone Soup version 0.20-b1-14-g8425815 (webtiles) character file.

169 tof the Poker (level 5, 0/47 HPs)
             Began as a Hill Orc Monk on May 23, 2017.
             Succumbed to a kobold's poison
             ... on level 3 of the Dungeon.
             The game lasted 00:04:37 (2301 turns).

tof the Poker (Hill Orc Monk)                       Turns: 2301, Time: 00:04:38

Health: 0/47       AC:  8    Str: 14    XL:     5   Next: 50%
Magic:  5/5        EV:  7    Int: 10    God:
Gold:   92         SH:  0    Dex: 14    Spells: 4/4 levels left

rFire    . . .     SeeInvis .   a - +0 spear
rCold    . . .     Gourm    .   (no shield)
rNeg     . . .     Faith    .   e - +0 chain mail (curse)
rPois    .         Spirit   .   (no helmet)
rElec    .         Reflect  .   (no cloak)
rCorr    .         Harm     .   (no gloves)
MR       .....                  (no boots)
Stlth    ..........             (no amulet)
Regen    0.2/turn               (no ring)
MPRegen  0.1/turn               (no ring)

@: lethally poisoned (0 -> -7)
A: no striking features
a: no special abilities


You were on level 3 of the Dungeon.
You were hungry.

You visited 1 branch of the dungeon, and saw 3 of its levels.

You collected 92 gold pieces.

Inventory:

Hand Weapons
 a - a +0 spear (weapon)
Armour
 b - a +0 robe
 e - a cursed +0 chain mail (worn)
Jewellery
 k - a +3 ring of intelligence {unknown}
 l - an uncursed ring of protection from cold {unknown}
Wands
 q - a wand of paralysis (10/24)
Scrolls
 i - a scroll of teleportation {unknown}
 j - a scroll of fear {unknown}
 o - a scroll of identify {unknown}
 r - a scroll of blinking {unknown}
Potions
 d - a potion of lignification {unknown}
 g - a potion of resistance {unknown}
 h - a potion of curing {unknown}
 n - a potion of cancellation {unknown}
Comestibles
 c - 3 bread rations
 f - 2 meat rations
 m - 2 fruits
 p - a royal jelly


   Skills:
 * Level 4.6 Fighting
 * Level 5.3 Polearms
 * Level 2.4 Armour
 - Level 2.4 Dodging
 - Level 1.5 Stealth


You had 4 spell levels left.
You didn't know any spells.

Dungeon Overview and Level Annotations

Branches:
Dungeon (3/15)

Altars:

Annotations:
D:3 Natasha


Message History

You hit Natasha but do no damage.
Natasha stares at you and mumbles some strange words.
The magic dart hits you!
You hit Natasha.
Natasha is moderately wounded.
You feel sick.
The crimson imp disappears for a moment.
You hit Natasha.
Natasha is moderately wounded.
You feel sick. Natasha claws you.
* * * LOW HITPOINT WARNING * * *
You hit Natasha.
Natasha is almost dead.
The crimson imp blinks!
Natasha stares at you and mumbles some strange words.
The magic dart hits you!
* * * LOW HITPOINT WARNING * * *
You hit Natasha but do no damage.
Natasha is almost dead.
You die...

..........
...!$..#.# .
.......#5## ..
.......... .>.
.......#.# ....
.......#.##.K...
....h..ยง55......
.#######h######
#@#######
#(.).)..#
#.#####.# #.# #.#
#.# #.#### #.#
#.#..# ### #.#
#.#.## #.# #.#
#.#.# #.# ###
#.#.# #.#


You could see Natasha, 2 crimson imps and a white imp.

Vanquished Creatures
  Ijyb (D:3)
  Natasha (twice) (D:2)
  An adder (D:2)
  An ooze (D:1)
  2 dart slugs
  A leopard gecko (D:2)
  A giant cockroach (D:2)
  15 goblins
  6 hobgoblins
  9 jackals
  12 kobolds
  2 quokkas
  7 bats
  4 frilled lizards
  10 rats
74 creatures vanquished.

Notes
Turn   | Place    | Note
-------+----------+-------------------------------------------
     0 | D:1      | tof the Hill Orc Monk began the quest for the Orb.
     0 | D:1      | Reached XP level 1. HP: 19/19 MP: 1/1
   349 | D:1      | Reached XP level 2. HP: 21/27 MP: 2/2
   715 | D:1      | Reached skill level 1 in Armour
   715 | D:1      | Reached XP level 3. HP: 33/33 MP: 3/3
   842 | D:1      | Reached skill level 4 in Polearms
  1072 | D:2      | Noticed Natasha
  1087 | D:2      | Killed Natasha
  1087 | D:2      | Reached XP level 4. HP: 9/40 MP: 4/4
  1643 | D:2      | Noticed Natasha
  1653 | D:2      | Killed Natasha
  1653 | D:2      | Reached skill level 5 in Polearms
  1653 | D:2      | Reached XP level 5. HP: 34/47 MP: 5/5
  2138 | D:3      | Noticed Ijyb
  2160 | D:3      | Paralysed by Ijyb for 2 turns
  2172 | D:3      | Killed Ijyb
  2277 | D:3      | Noticed Natasha
  2300 | D:3      | HP: 1/47 [Natasha/magic dart (9)]
  2301 | D:3      | Succumbed to a kobold's poison

Skill      XL: |  1  2  3  4 |
---------------+-------------+-----
Fighting       | 4 |  4.6
Armour         | 1 2 |  2.4
Polearms       | 4 5 |  5.3
Dodging        | |  2.4
Stealth        | |  1.5

Action                   |  1- 3 |  4- 6 || total
-------------------------+-------+-------++-------
Melee: Spear             |   164 |   194 ||   358
 Stab: Sleeping          |     2 |       ||     2
  Eat: Chunk             |     1 |     3 ||     4
Armor: Robe              |     3 |       ||     3
       Chain mail        |    79 |    75 ||   154
Dodge: Dodged            |    41 |    52 ||    93
